 Dungeon Crawl Stone Soup version 0.31.0-11-ge490571c62 (webtiles) character file.

Game seed: 9192507081567139206

14 qw the Shooter (level 2, -1/14 HPs)
             Began as a Spriggan Hunter on Feb 4, 2024.
             Slain by a hobgoblin (5 damage)
             ... on level 1 of the Dungeon.
             The game lasted 00:00:00 (119 turns).

qw the Shooter (Spriggan Hunter)                     Turns: 119, Time: 00:00:01

Health: -1/14      AC:  2    Str:  7    XL:     2   Next: 31%
Magic:  3/3        EV: 19    Int: 10    God:
Gold:   4          SH:  0    Dex: 18    Spells: 1/1 levels left

rFire   . . .        a - +0 shortbow
rCold   . . .        (shield currently unavailable)
rNeg    . . .        c - +0 robe
rPois   .            (helmet restricted)
rElec   .            (no cloak)
rCorr   .            (gloves unavailable)
SInv    +            (boots unavailable)
Will    .....        (no amulet)
Stlth   ++           (no ring)
HPRegen 0.22/turn    (no ring)
MPRegen 0.08/turn

%: no passive effects
@: very quick
A: very small, no large weapons, unfitting armour, see invisible, speed 3
a: no special abilities


You were on level 1 of the Dungeon.
You visited 1 branch of the dungeon, and saw 1 of its levels.

You collected 4 gold pieces.


Innate Abilities, Weirdness & Mutations

You are very small and have problems with some larger weapons.
You are too small for most types of armour.
You have supernaturally acute eyesight. (SInv)
You cover ground extremely quickly. (Speed+++)


   Skills:
 - Level 1.5 Fighting
 + Level 4.0 Ranged Weapons
 - Level 4.0 Dodging
 - Level 1.5 Stealth


You had one spell level left.
You didn't know any spells.
Your spell library was empty.

Inventory:

Hand Weapons
 a - a +0 shortbow (weapon)
Armour
 c - a +0 robe (worn)
Scrolls
 b - a scroll of butterflies

Dungeon Overview and Level Annotations

Branches:
Dungeon (1/15)

Altars:


Message History

The jackal completely misses you.
You shoot an arrow.
The arrow hits the jackal but does no damage.
The jackal is severely wounded.
The jackal bites you. The jackal misses you. The jackal bites you.
The jackal completely misses you.
You shoot an arrow. The arrow closely misses the jackal.
The jackal misses you. The jackal completely misses you.
The jackal closely misses you.
You shoot an arrow. The arrow hits the jackal!
You kill the jackal!
The jackal bites you. x2
Your Dodging skill increases to level 4!
You shoot an arrow. The arrow barely misses the jackal.
The jackal closely misses you. x2; The hobgoblin closely misses you.
You shoot an arrow. The arrow hits the jackal.
The jackal is lightly wounded.
The jackal bites you. The hobgoblin closely misses you.
You shoot an arrow. The arrow closely misses the jackal.
The jackal misses you. The hobgoblin closely misses you.
The jackal completely misses you.
You shoot an arrow. The arrow barely misses the jackal.
The jackal misses you. The hobgoblin misses you. The jackal closely misses you.
You shoot an arrow. The arrow hits the jackal.
The jackal is almost dead.
The hobgoblin misses you. The jackal misses you.
You shoot an arrow. The arrow misses the jackal.
The jackal bites you. The hobgoblin barely misses you.
The jackal barely misses you. The hobgoblin misses you.
You shoot an arrow. The arrow barely misses the jackal.
The jackal misses you. The hobgoblin misses you. The jackal closely misses you.
You shoot an arrow. The arrow barely misses the jackal.
The jackal misses you. The hobgoblin misses you.
You shoot an arrow. The arrow hits the jackal.
You kill the jackal!
The hobgoblin closely misses you.
You shoot an arrow.
The arrow hits the hobgoblin but does no damage.
The hobgoblin hits you.
You die...

#..####....#...#
#.#...
#..........#.###
# ##.#
##.####....#...
... ##........
.#. #......... #
# #.###.....
###.###.# .#.#.
#.......###.#.#
#.....%@.......
#.....g%.......
#..............
.
#.#....%.......
. #
#..#.........
#..###.......
#.. ....... ..
....... # ##


You could see a hobgoblin.

Vanquished Creatures
  A bat (D:1)
  A giant cockroach (D:1)
  A goblin (D:1)
  A hobgoblin (D:1)
  2 jackals (D:1)
  3 quokkas (D:1)
  2 ball pythons (D:1)
11 creatures vanquished.

Notes
Turn   | Place    | Note
-------+----------+-------------------------------------------
     0 | D:1      | qw the Spriggan Hunter began the quest for the Orb.
     0 | D:1      | Reached XP level 1. HP: 10/10 MP: 2/2
     0 | D:1      | 0 ||| qw: Version: 0.3-a-160-g6735b56
     0 | D:1      | 0 ||| qw: Game counter: 5062
     0 | D:1      | 0 ||| qw: Melee chars always use a shield: true
     0 | D:1      | 0 ||| qw: God list: Okawaru
     0 | D:1      | 0 ||| qw: Allow faded altars: false
     0 | D:1      | 0 ||| qw: Do Orc after clearing Dungeon:15 true
     0 | D:1      | 0 ||| qw: Do second Lair branch before Depths: true
     0 | D:1      | 0 ||| qw: Lair rune preference: random
     0 | D:1      | 0 ||| qw: Goals: Normal
     0 | D:1      | 0 ||| PLANNING D:1-11
    15 | D:1      | Reached skill level 3 in Dodging
    80 | D:1      | Reached XP level 2. HP: 14/14 MP: 3/3
   115 | D:1      | HP: 3/14 [jackal (2)]
   119 | D:1      | Slain by a hobgoblin

Levels and vault maps discovered:
D:1:      psy_arrival_dodecagon, layout_basic

Skill      XL: |  1  2 |
---------------+-------+-----
Dodging        | 3 4 |  4.0
Fighting       | |  1.5
Ranged Weapons | |  4.0
Stealth        | |  1.5

Action                     || total
---------------------------++-------
   Fire: Shortbow          ||    42
 Armour: Robe              ||    11
  Dodge: Dodged            ||    39

Table legend:
 A = Non-vault XP
 B = Vault XP
 C = Vault XP percentage of total XP
 D = Non-vault monster count
 E = Vault monster count
 F = Vault count percentage of total count
                 A         B        C        D         E       F
            +---------+---------+-------+---------+---------+-------
      Total |      21 |       0 |   0.0 |      11 |       0 |   0.0
            +---------+---------+-------+---------+---------+-------
        D:1 |      21 |       0 |   0.0 |      11 |       0 |   0.0
            +---------+---------+-------+---------+---------+-------
